 Dungeon Crawl Stone Soup version 0.21.1-1-g345015fe64 (webtiles) character file.

12 Kohma the Sneak (level 2, 0/13 HPs)
             Began as a Spriggan Enchanter on June 10, 2018.
             Slain by a worker ant (7 damage)
             ... on level 2 of the Dungeon.
             The game lasted 00:03:32 (925 turns).

Kohma the Sneak (Spriggan Enchanter)                 Turns: 925, Time: 00:03:32

Health: 0/13       AC:  2    Str:  4    XL:     2   Next: 20%
Magic:  0/6        EV: 18    Int: 16    God:
Gold:   35         SH:  0    Dex: 16    Spells: 3/6 levels left

rFire    . . .     SeeInvis +   a - +1 dagger
rCold    . . .     Gourm    .   (shield restricted)
rNeg     . . .     Faith    .   b - +0 robe
rPois    .         Spirit   .   (helmet restricted)
rElec    .         Reflect  .   (no cloak)
rCorr    .         Harm     .   (gloves unavailable)
MR       .....                  (boots unavailable)
Stlth    +++.......             (no amulet)
HPRegen  0.04/turn              (no ring)
MPRegen  0.10/turn              (no ring)

@: very quick
A: very small, unfitting armour, see invisible, herbivore, speed 3, slow
metabolism 2
a: no special abilities


You were on level 2 of the Dungeon.
You were not hungry.

You visited 1 branch of the dungeon, and saw 2 of its levels.

You collected 35 gold pieces.

Inventory:

Hand Weapons
 a - a +1 dagger (weapon)
 l - a +0 short sword
Missiles
 h - 18 stones (quivered)
Armour
 b - a +0 robe (worn)
 m - a +0 robe
Jewellery
 e - a +3 ring of strength {unknown}
Scrolls
 f - a scroll of random uselessness {unknown}
 g - a scroll of remove curse {unknown}
 i - a scroll of teleportation {unknown}
Potions
 j - a potion of degeneration {unknown}
 k - a potion of magic {unknown}
 n - a potion of mutation {unknown}
Books
 c - a book of Maledictions

   Spells                             Type                      Level
   a - Corona                         Hexes                        1
   b - Ensorcelled Hibernation        Hexes/Ice                    2
   c - Confuse                        Hexes                        3
   d - Tukima's Dance                 Hexes                        3
   e - Dazzling Spray                 Conjuration/Hexes            3
Comestibles
 d - a ration


   Skills:
 * Level 1.6 Short Blades
 + Level 3.2 Dodging
 - Level 4.4 Stealth
 + Level 2.9 Spellcasting
 * Level 3.9 Hexes


You had 3 spell levels left.
You knew the following spells:

 Your Spells              Type           Power        Failure   Level  Hunger
a - Corona                Hex            ###....      3%          1    #......
b - Ensorcelled Hibernat  Hex/Ice        #.....       13%         2    ##.....


Dungeon Overview and Level Annotations

Branches:
Dungeon (2/15)

Altars:
Ashenzari


Innate Abilities, Weirdness & Mutations

You are very small and have problems with some larger weapons.
You are too small for most types of armour.
You have supernaturally acute eyesight. (SInv)
You are a herbivore.
You cover ground extremely quickly.
You need consume almost no food.


Message History

Press: ? - help, Shift-Dir - straight line, f/p - worker ant
Aim: a worker ant (lightly wounded, chance to defeat MR: 61%)
The worker ant struggles to resist.
The worker ant misses you.
You barely miss the worker ant.
The worker ant is lightly wounded.
The worker ant misses you.
You hit the worker ant.
The worker ant is moderately wounded.
The worker ant closely misses you. The worker ant misses you.
You barely miss the worker ant.
The worker ant is moderately wounded.
The worker ant closely misses you.
You hit the worker ant but do no damage.
The worker ant is moderately wounded.
The worker ant bites you.
You hit the worker ant.
The worker ant is heavily wounded.
The worker ant bites you!
Ouch! That really hurt!
You die...

#............
#........#.#.
##...........
...........>.
##......#.#.#
......?.#.#.#
#....#.#.#.#
#.....a@...#
#....#######
#.....
#...### .....
###.## .. ##.


You could see a worker ant.

Vanquished Creatures
  A goblin (D:1)
  3 hobgoblins
  2 jackals (D:1)
  A kobold (D:1)
  A bat (D:1)
  2 frilled lizards (D:1)
  A rat (D:1)
11 creatures vanquished.

Notes
Turn   | Place    | Note
-------+----------+-------------------------------------------
     0 | D:1      | Kohma the Spriggan Enchanter began the quest for the Orb.
     0 | D:1      | Reached XP level 1. HP: 9/9 MP: 5/5
   560 | D:1      | Found a shattered altar of Ashenzari.
   579 | D:1      | Reached XP level 2. HP: 13/13 MP: 6/6
   583 | D:1      | Learned a level 2 spell: Ensorcelled Hibernation
   925 | D:2      | Slain by a worker ant

Action                   || total
-------------------------++-------
Melee: Dagger            ||    64
Throw: Stone             ||     6
 Cast: Corona            ||     8
       Ensorcelled Hiber ||     9
 Stab: Sleeping          ||     5
Armor: Robe              ||     2
Dodge: Dodged            ||    71
